 Dungeon Crawl Stone Soup version 0.27.1-3-gb3d3a73c9e (webtiles) character file.

Game seed: 2064921383858810900

109 Jawa73 the Firebug (level 4, -1/28 HPs)
             Began as an Octopode Fire Elementalist on Oct 20, 2021.
             Was an Initiate of Vehumet.
             Killed from afar by an orc wizard (6 damage)
             ... with a magic dart
             ... on level 4 of the Dungeon.
             The game lasted 00:10:26 (4283 turns).

Jawa73 the Firebug (Octopode Fire Elementalist)     Turns: 4283, Time: 00:10:27

Health: -1/28      AC:  1    Str:  7    XL:     4   Next: 90%
Magic:  8/8        EV: 13    Int: 18    God:    Vehumet [......]
Gold:   234        SH:  0    Dex: 12    Spells: 4/8 levels left

rFire    . . .     SeeInvis +   a - +1 trident
rCold    . . .     Faith    .   (no shield)
rNeg     . . .     Spirit   .   (helmet restricted)
rPois    .         Reflect  .   (no amulet)
rElec    .         Harm     .   j - ring of see invisible
rCorr    .         Rampage  .   (no ring)
Will     .....                  (no ring)
Stlth    ++........             (no ring)
HPRegen  0.09/turn              (no ring)
MPRegen  0.11/turn              (no ring)
                                (no ring)
                                (no ring)

@: confused
A: almost no armour, amphibious, 8 rings, camouflage 1, gelatinous body 1,
(nimble swimmer 1), tentacles
a: Renounce Religion


You were on level 4 of the Dungeon.
You worshipped Vehumet.
Vehumet was noncommittal.
You visited 2 branches of the dungeon, and saw 5 of its levels.

You collected 234 gold pieces.

Inventory:

Hand Weapons
 a - a +1 trident (weapon)
Missiles
 n - 4 atropa-tipped darts
Jewellery
 j - a ring of see invisible (left tentacle)
Wands
 h - a wand of charming (10)
 m - a wand of acid (10)
Scrolls
 d - 3 scrolls of blinking
 i - 4 scrolls of teleportation
 k - a scroll of summoning
Potions
 b - a potion of berserk rage
 c - a potion of ambrosia
 e - 2 potions of resistance
 f - 2 potions of degeneration
 g - 2 potions of might {unknown}
 l - 2 potions of heal wounds


   Skills:
 * Level 1.2 Fighting
 + Level 1.2 Polearms
 * Level 2.5 Dodging
 - Level 2.6 Stealth
 * Level 2.8 Spellcasting
 * Level 1.7 Conjurations
 * Level 3.7 Fire Magic


You had 4 spell levels left.
You knew the following spells:

 Your Spells              Type           Power      Damage    Failure   Level
a - Foxfire               Conj/Fire      48%        2x1d6     5%          1
b - Inner Flame           Hex/Fire       9%         N/A       24%         3

Your spell library contained the following spells:

 Spells                   Type           Power      Damage    Failure   Level
 Conjure Flame            Conj/Fire      12%        6-21      16%         3
 Blink                    Tloc           N/A        N/A       26%         2
 Lesser Beckoning         Tloc           1%         N/A       45%         3
 Sticky Flame             Conj/Fire      12%        2d4       47%         4
 Fireball                 Conj/Fire      6%         3d5       83%         5
 Manifold Assault         Tloc           2%         N/A       99%         5


Dungeon Overview and Level Annotations

Branches:
Dungeon (4/15)             Temple (1/1) D:4

Altars:
Cheibriados
Elyvilon
Gozag
Hepliaklqana
Makhleb
Ru
Sif Muna
Trog
Uskayaw
Vehumet
Wu Jian
Yredelemnul
Zin

Shops:
D:2 !


Innate Abilities, Weirdness & Mutations

You cannot wear most types of armour.
You are amphibious.
You can wear up to eight rings at the same time.
Your skin changes colour to match your surroundings (Stealth+).
Your rubbery body absorbs attacks. (AC +1, EV +1)
((You are camouflaged near water. (Stealth+)))
You have tentacles for arms and can constrict up to eight enemies at once.


Message History

The orc wizard points at you and mumbles some strange words.
You resist with some effort.
You close the door.
You start resting.
HP restored.
You open the door.
The orc wizard points at you and mumbles some strange words.
You are confused.
The orc wizard points at you and mumbles some strange words.
You are more confused.
There is an open door here.
You're too confused to cast spells.
Unknown command.
You bump into the rock wall.
You bump into the granite statue.
Unknown command.
You bump into the rock wall.
The orc wizard points at you and mumbles some strange words.
You are more confused.
There is an open door here.
The orc wizard barely misses you.
The orc wizard gestures at you while chanting.
The magic dart hits you!
You bump into the crystal wall.
The orc wizard hits you with a +0 dagger.
The orc wizard barely misses you.
You bump into the crystal wall.
The orc wizard hits you with a +0 dagger. x2
The orc wizard points at you and mumbles some strange words.
The magic dart hits you!
* * * LOW HITPOINT WARNING * * *
You're too confused to move!
The orc wizard gestures wildly while chanting.
The orc wizard flickers and vanishes for a moment.
The orc wizard casts a spell at you.
You are more confused.
You bump into the rock wall.
The orc wizard points at you and mumbles some strange words.
The magic dart hits you.
You die...

#####
##....############.#
#...#
#.....'............#
#.#.#
#.....############.#
#.#.# #.....# #.....
#.#.# #.##### #.....
#.#.# #### #.....
#.#.# ##..######
#..... #.#.#
###..8#..≈o# ####..
#.#.#####..._.'@.≈o#
#..
#.#.......#..8#..≈.#
#..
#.##########..######
#.# #.# ####
#######.# #.#
#.....#.. #.#
##.##.### #.# #.##.#
#.# #.##.# #.#
#.##.#


You could see 2 orc wizards.

Vanquished Creatures
  An iguana (D:4)
  3 adders
  2 worms (D:3)
  A dart slug (D:3)
  3 orcs
  9 endoplasms
  2 giant cockroaches
  2 goblins
  4 hobgoblins
  3 quokkas (D:1)
  3 ball pythons
  A bat (D:3)
  2 frilled lizards
  4 kobolds
  4 rats
44 creatures vanquished.

Vanquished Creatures (others)
  53 foxfires
53 creatures vanquished.

Grand Total: 97 creatures vanquished

Notes
Turn   | Place    | Note
-------+----------+-------------------------------------------
     0 | D:1      | Jawa73 the Octopode Fire Elementalist began the quest for
                  | the Orb.
     0 | D:1      | Reached XP level 1. HP: 11/11 MP: 3/3
   403 | D:1      | Reached XP level 2. HP: 17/17 MP: 5/5
  1232 | D:2      | Found a bloodstained altar of Trog.
  1278 | D:2      | Found Halyufips's Distillery.
  1449 | D:2      | Reached XP level 3. HP: 22/22 MP: 1/6
  1588 | D:2      | Learned a level 3 spell: Inner Flame
  1975 | D:3      | Found a faded altar of an unknown god.
  2468 | D:3      | Reached XP level 4. HP: 26/27 MP: 7/7
  2737 | D:4      | Found a bloodstained altar of Trog.
  2737 | D:4      | Found a snail-covered altar of Cheibriados.
  2757 | D:4      | Reached skill level 1 in Fighting
  2860 | D:4      | Reached skill level 1 in Polearms
  3039 | D:4      | Found a sacrificial altar of Ru.
  3358 | D:4      | Found a staircase to the Ecumenical Temple.
  3446 | Temple   | Entered the Ecumenical Temple
  3517 | Temple   | Became a worshipper of Vehumet
  4122 | D:4      | Found a shimmering blue altar of Sif Muna.
  4283 | D:4      | Killed from afar by an orc wizard

Illustrated notes

Levels and vault maps discovered:
D:1:      tarquinn_simple_flora_water_a, layout_basic
D:2:      layout_basic, basic_altar, serial_shops, nicolae_lakefront_shop
D:3:      layout_loops_ring, basic_ecumenical_altar
D:4:      layout_basic, led_sif_book, grunt_temple_overflow_open,
          nicolae_ru_sacrificial_ziggurat, minmay_temple_entry_junction,
          kennysheep_decorative_pillar
Temple:   nicolae_temple_figure_zero

Skill      XL: |  1  2  3  4 |
---------------+-------------+-----
Fighting       | 1 |  1.2
Polearms       | 1 |  1.2
Dodging        | |  2.5
Stealth        | |  2.6
Spellcasting   | |  2.8
Conjurations   | |  1.7
Fire Magic     | |  3.7

Action                   |  1- 3 |  4- 6 || total
-------------------------+-------+-------++-------
Melee: Trident           |    56 |    23 ||    79
       Constrict         |    12 |     5 ||    17
       Tentacles         |     2 |     4 ||     6
 Cast: Foxfire           |    23 |     9 ||    32
  Use: Scroll            |     4 |     6 ||    10
 Stab: Sleeping          |    12 |     3 ||    15
Armor: Skin              |     3 |       ||     3
Dodge: Dodged            |    23 |    14 ||    37
